 Dungeon Crawl Stone Soup version 0.31.0-11-ge490571c62 (webtiles) character file.

Game seed: 3873129962535251118

1067 Ashen the Sneak (level 8, -25/58 HPs)
             Began as a Gnoll Enchanter on Feb 4, 2024.
             Annihilated by a komodo dragon (29 damage)
             ... on level 5 of the Dungeon.
             The game lasted 00:08:49 (4478 turns).

Ashen the Sneak (Gnoll Enchanter)                   Turns: 4478, Time: 00:08:50

Health: -25/58     AC:  6    Str:  8    XL:     8   Next: 28%
Magic:  21/26      EV: 14    Int: 15    God:
Gold:   141        SH:  0    Dex: 14    Spells: 8/19 levels left

rFire   . . .        a - +1 dagger
rCold   . . .        (no shield)
rNeg    . . .        b - +0 robe
rPois   .            t - +1 helmet
rElec   .            z - +0 cloak
rCorr   .            (no gloves)
SInv    .            A - +0 pair of boots
Will    .....        o - amulet of magic regeneration
Stlth   +++          q - ring of magical power
HPRegen 0.29/turn    (no ring)
MPRegen 0.60/turn

%: no passive effects
@: no status effects
A: fangs 1, strong nose, distributed training
a: no special abilities


You were on level 5 of the Dungeon.
You visited 1 branch of the dungeon, and saw 5 of its levels.

You collected 141 gold pieces.

Inventory:

Hand Weapons
 a - a +1 dagger (weapon)
Missiles
 r - 2 throwing nets (quivered)
Armour
 b - a +0 robe (worn)
 t - a +1 helmet (worn)
 v - a +0 kite shield
 z - a +0 cloak (worn)
 A - a +0 pair of boots (worn)
Jewellery
 o - an amulet of magic regeneration (around neck)
 q - a ring of magical power (left hand)
Wands
 u - a wand of mindburst (19)
Scrolls
 d - a scroll of revelation {unknown}
 e - 4 scrolls of identify {unknown}
 f - a scroll of teleportation {unknown}
 g - a scroll of enchant weapon {unknown}
 i - a scroll of noise {unknown}
 k - a scroll of immolation {unknown}
 l - a scroll of fear {unknown}
 p - a scroll of poison {unknown}
 y - a scroll of blinking {unknown}
Potions
 c - 3 potions of invisibility
 h - 4 potions of curing {unknown}
 j - a potion of ambrosia {unknown}
 m - a potion of lignification {unknown}
 n - a potion of degeneration {unknown}
 s - a potion of might {unknown}
 w - a potion of mutation {unknown}
 x - a potion of cancellation {unknown}


   Skills:
 + Level 3.2 Fighting
 + Level 4.2 Short Blades
 + Level 3.2 Long Blades
 + Level 3.2 Axes
 + Level 3.2 Maces & Flails
 + Level 3.2 Polearms
 + Level 3.2 Staves
 + Level 3.2 Ranged Weapons
 + Level 3.2 Throwing
 + Level 3.2 Armour
 + Level 5.6 Dodging
 + Level 6.8 Stealth
 + Level 3.2 Shields
 + Level 3.2 Unarmed Combat
 + Level 6.0 Spellcasting
 + Level 2.6 Conjurations
 + Level 6.1 Hexes
 + Level 2.6 Summonings
 + Level 2.6 Necromancy
 + Level 2.6 Translocations
 + Level 2.6 Fire Magic
 + Level 2.6 Ice Magic
 + Level 2.6 Air Magic
 + Level 2.6 Earth Magic
 + Level 2.6 Alchemy
 + Level 3.5 Invocations
 + Level 3.2 Evocations
 + Level 2.9 Shapeshifting


You had 8 spell levels left.
You knew the following spells:

 Your Spells              Type           Power      Damage    Failure   Level
a - Ensorcelled Hibernat  Hex/Ice        34%        N/A       3%          2
b - Confusing Touch       Hex            22%        N/A       3%          3
c - Tukima's Dance        Hex            22%        N/A       3%          3
d - Dazzling Flash        Conj/Hex       34%        N/A       8%          3

Your spell library contained the following spells:

 Spells                   Type           Power      Damage    Failure   Level
 Volatile Blastmotes      Fire/Tloc      24%        2d12      14%         3
 Starburst                Conj/Fire      6%         6d4       100%        6
 Maxwell's Capacitive Co  Air            6%         ∞         100%        8


Dungeon Overview and Level Annotations

Branches:
Dungeon (5/15)
 Temple: D:4-7

Altars:
Dithmenos
Elyvilon
Zin

Shops:
D:3 [


Innate Abilities, Weirdness & Mutations

You have very sharp teeth.
Your uncanny sense of smell can sniff out nearby items.
Your experience applies equally to all skills.


Message History

HP restored.
Found a stone staircase leading down.
A komodo dragon comes into view.
The komodo dragon hisses angrily.
Casting: Ensorcelled Hibernation (safe; 3% risk of failure)
Confirm with . or Enter, or press ? or * to list all spells.
Aiming: Ensorcelled Hibernation (safe; 3% risk of failure)
Press: ? - help, Shift-Dir - straight line, f - komodo dragon
Aim: a komodo dragon (chance to affect: 32%)
The komodo dragon easily resists.
The komodo dragon bites you but does no damage.
You barely miss the komodo dragon. The komodo dragon bites you!!
You hit the komodo dragon but do no damage.
The komodo dragon bites you!!
You hit the komodo dragon.
You punch the komodo dragon, but do no damage.
The komodo dragon is lightly wounded.
Casting: Ensorcelled Hibernation (safe; 3% risk of failure)
Confirm with . or Enter, or press ? or * to list all spells.
Aiming: Ensorcelled Hibernation (safe; 3% risk of failure)
Press: ? - help, Shift-Dir - straight line, f/p - komodo dragon
Aim: a komodo dragon (lightly wounded, chance to affect: 32%)
The komodo dragon easily resists.
The komodo dragon completely misses you.
Casting: Ensorcelled Hibernation (safe; 3% risk of failure)
Confirm with . or Enter, or press ? or * to list all spells.
Aiming: Ensorcelled Hibernation (safe; 3% risk of failure)
Press: ? - help, Shift-Dir - straight line, f/p - komodo dragon
Aim: a komodo dragon (lightly wounded, chance to affect: 32%)
The komodo dragon easily resists.
The komodo dragon bites you!
* * * LOW HITPOINT WARNING * * *
Unknown command.
Casting: Ensorcelled Hibernation (safe; 3% risk of failure)
Confirm with . or Enter, or press ? or * to list all spells.
Aiming: Ensorcelled Hibernation (safe; 3% risk of failure)
Press: ? - help, Shift-Dir - straight line, f/p - komodo dragon
Aim: a komodo dragon (lightly wounded, chance to affect: 32%)
The komodo dragon easily resists.
The komodo dragon bites you!!
Ouch! That really hurt!
You die...

.##
..#.#####.#...##
...........###
######..## #.##
.######.####
...........###
.............##
..............>
.......@.......
.......l.......
...............
...............
.......###+###.
....... .......
.......


You could see a komodo dragon.

Vanquished Creatures
  Pikel (D:4)
  A black bear (D:4)
  A lemure (D:4)
  A phantom (D:4)
  A scorpion (D:4)
  A bombardier beetle (D:2)
  A jelly (D:5)
  Crazy Yiuf (D:4)
  2 hounds (D:4)
  Terence (D:3)
  2 orc wizards
  Natasha (thrice) (D:4)
  Robin (D:2)
  3 adders
  A shadow imp (D:3)
  4 ribbon worms
  A dart slug (D:4)
  9 orcs
  8 endoplasms
  A giant cockroach (D:1)
  15 goblins
  9 hobgoblins
  5 quokkas
  4 ball pythons
  3 bats
  2 frilled lizards
  3 kobolds
  4 rats
89 creatures vanquished.

Notes
Turn   | Place    | Note
-------+----------+-------------------------------------------
     0 | D:1      | Ashen the Gnoll Enchanter began the quest for the Orb.
     0 | D:1      | Reached XP level 1. HP: 13/13 MP: 6/6
   307 | D:1      | Reached XP level 2. HP: 19/19 MP: 7/7
  1016 | D:2      | Noticed a bombardier beetle
  1020 | D:2      | Killed a bombardier beetle
  1021 | D:2      | Reached skill level 1 in Fighting
  1021 | D:2      | Reached skill level 1 in Long Blades
  1021 | D:2      | Reached skill level 1 in Axes
  1021 | D:2      | Reached skill level 1 in Maces & Flails
  1021 | D:2      | Reached skill level 1 in Polearms
  1021 | D:2      | Reached skill level 1 in Staves
  1021 | D:2      | Reached skill level 1 in Ranged Weapons
  1021 | D:2      | Reached skill level 1 in Throwing
  1021 | D:2      | Reached skill level 1 in Armour
  1021 | D:2      | Reached skill level 1 in Shields
  1021 | D:2      | Reached skill level 1 in Unarmed Combat
  1021 | D:2      | Reached skill level 5 in Spellcasting
  1021 | D:2      | Reached skill level 1 in Invocations
  1021 | D:2      | Reached skill level 1 in Evocations
  1021 | D:2      | Reached XP level 3. HP: 26/26 MP: 7/9
  1082 | D:2      | Found a glowing silver altar of Zin.
  1122 | D:2      | Reached skill level 1 in Shapeshifting
  1122 | D:2      | Reached XP level 4. HP: 19/32 MP: 11/11
  1126 | D:2      | Learned a level 2 spell: Ensorcelled Hibernation
  1130 | D:2      | Learned a level 3 spell: Confusing Touch
  1134 | D:2      | Learned a level 3 spell: Tukima's Dance
  1138 | D:2      | Learned a level 3 spell: Dazzling Flash
  1510 | D:2      | Reached skill level 1 in Conjurations
  1510 | D:2      | Reached skill level 1 in Summonings
  1510 | D:2      | Reached skill level 1 in Necromancy
  1510 | D:2      | Reached skill level 1 in Translocations
  1510 | D:2      | Reached skill level 1 in Fire Magic
  1510 | D:2      | Reached skill level 1 in Ice Magic
  1510 | D:2      | Reached skill level 1 in Air Magic
  1510 | D:2      | Reached skill level 1 in Earth Magic
  1510 | D:2      | Reached skill level 1 in Alchemy
  1628 | D:2      | Noticed Robin
  1748 | D:2      | Killed Robin
  1895 | D:3      | Noticed Terence
  1905 | D:3      | Killed Terence
  1906 | D:3      | Reached XP level 5. HP: 32/37 MP: 12/12
  2624 | D:3      | Found a faded altar of an unknown god.
  2787 | D:3      | Found a transporter.
  2828 | D:3      | Found a transporter.
  2830 | D:3      | Found Bytyim's Antique Armour Boutique.
  3104 | D:4      | Noticed a black bear
  3111 | D:4      | Noticed a phantom
  3113 | D:4      | Killed a black bear
  3114 | D:4      | Reached skill level 5 in Dodging
  3114 | D:4      | Reached XP level 6. HP: 38/44 MP: 14/14
  3231 | D:4      | Noticed Pikel
  3264 | D:4      | Killed Pikel
  3265 | D:4      | Reached XP level 7. HP: 44/51 MP: 15/15
  3297 | D:4      | Found a runed translucent door.
  3298 | D:4      | Noticed Crazy Yiuf
  3304 | D:4      | Killed Crazy Yiuf
  3305 | D:4      | Reached XP level 8. HP: 58/58 MP: 16/16
  3493 | D:4      | Noticed Natasha
  3501 | D:4      | Killed Natasha
  3529 | D:4      | Found a shadowy altar of Dithmenos.
  3803 | D:4      | Noticed Natasha
  3809 | D:4      | Killed Natasha
  3863 | D:4      | Found a shadowy altar of Dithmenos.
  3951 | D:4      | Noticed Natasha
  3965 | D:4      | Killed Natasha
  4393 | D:5      | Entered Level 5 of the Dungeon
  4420 | D:5      | Found a white marble altar of Elyvilon.
  4468 | D:5      | Noticed a komodo dragon
  4478 | D:5      | Annihilated by a komodo dragon

Illustrated notes

Levels and vault maps discovered:
D:1:      dpeg_arrival_houses_and_road, layout_loops_corners
D:2:      layout_loops_ring, basic_altar, uniq_robin
D:3:      layout_rooms, ebering_ecumenical_altar_abandoned, serial_shops,
          nicolae_shop_drivethru, chequers_serial_rivers_micro_b, uniq_terence
D:4:      minmay_skewed_foursquare, layout_basic,
          nicolae_dithmenos_the_darkroom, uniq_natasha, uniq_crazy_yiuf_cottage,
          uniq_pikel
D:5:      layout_cave_pods, mainiacjoe_overflow_cross_hatched,
          gammafunk_temple_overflow_claw, temple_green, dk_rats_in_the_wall

Skill      XL: |  1  2  3  4  5  6  7  8 |
---------------+-------------------------+-----
Fighting       | 1 2 3 |  3.2
Long Blades    | 1 2 3 |  3.2
Axes           | 1 2 3 |  3.2
Maces & Flails | 1 2 3 |  3.2
Polearms       | 1 2 3 |  3.2
Staves         | 1 2 3 |  3.2
Ranged Weapons | 1 2 3 |  3.2
Throwing       | 1 2 3 |  3.2
Armour         | 1 2 3 |  3.2
Stealth        | 6 |  6.8
Shields        | 1 2 3 |  3.2
Unarmed Combat | 1 2 3 |  3.2
Spellcasting   | 5 6 |  6.0
Invocations    | 1 2 3 |  3.5
Evocations     | 1 2 3 |  3.2
Shapeshifting  | 1 2 |  2.9
Conjurations   | 1 2 |  2.6
Summonings     | 1 2 |  2.6
Necromancy     | 1 2 |  2.6
Translocations | 1 2 |  2.6
Fire Magic     | 1 2 |  2.6
Ice Magic      | 1 2 |  2.6
Air Magic      | 1 2 |  2.6
Earth Magic    | 1 2 |  2.6
Alchemy        | 1 2 |  2.6
Short Blades   | 3 4 |  4.2
Dodging        | 5 |  5.6
Hexes          | 6 |  6.1

Action                     |  1- 3 |  4- 6 |  7- 9 || total
---------------------------+-------+-------+-------++-------
  Melee: Dagger            |    83 |   165 |    23 ||   271
         Bite              |     7 |    21 |     4 ||    32
         Punch             |     1 |     1 |     3 ||     5
   Cast: Ensorcelled Hiber |       |    30 |    27 ||    57
         Confusing Touch   |       |     6 |       ||     6
         Dazzling Flash    |       |     1 |       ||     1
   Stab: Sleeping          |     6 |    30 |    12 ||    48
         Confused          |       |     3 |       ||     3
         Invisible         |       |     1 |       ||     1
         Distracted        |       |       |     1 ||     1
 Armour: Robe              |    30 |    93 |    17 ||   140
  Dodge: Dodged            |    46 |    92 |    14 ||   152
